 Dungeon Crawl Stone Soup version 0.29-a0-40-g8eb35efe60 (webtiles) character file.

Game seed: 5365989933135134427

11246 Armakuni the Carver (level 11, -14/63 HPs)
             Began as a Vine Stalker Wanderer on Feb 1, 2022.
             Was a Believer of the Shining One.
             Demolished by a large slime creature (28 damage)
             ... on level 12 of the Dungeon.
             The game lasted 00:23:11 (10312 turns).

Armakuni the Carver (Vine Stalker Wanderer)        Turns: 10312, Time: 00:23:12

Health: -14/63     AC:  8    Str: 16    XL:     11   Next: 74%
Magic:  0/24       EV: 11    Int: 11    God:    the Shining One [**....]
Gold:   668        SH:  0    Dex: 18    Spells: 10/10 levels left

rFire   . . .      SeeInvis .   b - +2 lajatang (elec)
rCold   . . .      Faith    .   (shield currently unavailable)
rNeg    + . .      Spirit   +   h - +0 troll leather armour
rPois   +          Reflect  .   n - +1 helmet
rElec   .          Harm     .   p - +0 cloak
rCorr   .          Rampage  .   c - +0 pair of gloves
Will    +....                   (no boots)
Stlth   +.........              (no amulet)
HPRegen 1.80/turn               V - ring of poison resistance
MPRegen 0.19/turn               P - ring of magical power

@: mighty, glowing
A: fangs 3, regeneration 1, magic shield, antimagic bite, no potion heal 2
a: Renounce Religion, Divine Shield


You were on level 12 of the Dungeon.
You worshipped the Shining One.
The Shining One was pleased with you.
You visited 2 branches of the dungeon, and saw 13 of its levels.
You also visited: Ossuary.

You collected 668 gold pieces.

Inventory:

Hand Weapons
 a - a +4 falchion of electrocution
 b - a +2 lajatang of electrocution (weapon)
 u - a +3 scimitar
Missiles
 w - a throwing net
Armour
 c - a +0 pair of gloves (worn)
 d - a scarf of resistance
 e - an orb of energy
 h - a +0 troll leather armour (worn)
 n - a +1 helmet (worn)
 p - a +0 cloak (worn)
 y - the +9 crystal plate armour "Reejai Ivue" {Str+3}
   (You acquired it in an ossuary)

   Str:       It affects your strength (+3).
Jewellery
 P - a ring of magical power (right hand)
 V - a ring of poison resistance (left hand)
Wands
 j - a wand of iceblast (27)
 r - a wand of flame (22) (quivered)
Scrolls
 i - 3 scrolls of teleportation
 k - a scroll of blinking
 q - a scroll of amnesia
 t - 5 scrolls of identify
 B - 2 scrolls of immolation
Potions
 f - 3 potions of haste
 l - 5 potions of curing
 m - a potion of resistance
 v - 2 potions of flight
 x - 2 potions of mutation
 z - a potion of lignification
Miscellaneous
 s - a tin of tremorstones (inert)


   Skills:
 - Level 10.0 Fighting
 + Level 12.0 Long Blades
 - Level 6.5 Staves
 - Level 1.2 Stealth
 - Level 4.0 Invocations
 - Level 2.6 Evocations


You had 10 spell levels left.
You didn't know any spells.
Your spell library contained the following spells:

 Spells                   Type           Power      Damage    Failure   Level
 Magic Dart               Conj           0%         1d3       41%         1
 Searing Ray              Conj           0%         2d4       54%         2
 Fulminant Prism          Conj/Hex       0%         3d6       99%         4
 Hailstorm                Conj/Ice       0%         3d3       99%         4
 Ice Form                 Ice/Tmut       0%         N/A       99%         4
 Simulacrum               Ice/Necr       0%         N/A       100%        6


Dungeon Overview and Level Annotations

Branches:
Dungeon (12/15)            Temple (1/1) D:7             Orc (0/2) D:10
Ossuary (visited)
   Lair: D:8-11

Altars:
Ashenzari
Cheibriados
Dithmenos
Elyvilon
Fedhas
Gozag
Hepliaklqana
Kikubaaqudgha
Makhleb
Nemelex Xobeh
Okawaru
Qazlal
Ru
Sif Muna
Trog
Uskayaw
Vehumet
Wu Jian
Xom
Yredelemnul
Zin
The Shining One

Annotations:
D:9 1 runed translucent door, wazuzu's ghost, novice DsMo


Innate Abilities, Weirdness & Mutations

You have razor-sharp teeth.
Your natural rate of healing is unusually fast.
When hurt, damage is shared between your health and your magic reserves.
Your bite disrupts and absorbs the magic of your enemies.
Potions cannot restore your health.


Message History

You bite the two-headed ogre. You drain its power.
The two-headed ogre is moderately wounded.
The two-headed ogre closely misses you.
The two-headed ogre hits you with a +0 dire flail!
You hit the two-headed ogre.
You bite the two-headed ogre, but do no damage.
The two-headed ogre is heavily wounded.
You slash the two-headed ogre! You bite the two-headed ogre.
You drain its power.
You feel invigorated.
The two-headed ogre is severely wounded.
The two-headed ogre hits you with a +0 giant spiked club!!
The two-headed ogre barely misses you. The slime creature hits you!
You are too injured to fight recklessly!
You slice the two-headed ogre!!
Lightning courses through the two-headed ogre!
You kill the two-headed ogre!
The slime creature closely misses you.
Your Long Blades skill increases to level 12!
The slime creature hits you.
Two slime creatures merge to form a large slime creature.
Okay, then.
You feel very mighty all of a sudden.
The large slime creature closely misses you.
You slice the large slime creature!!
Lightning courses through the large slime creature!
The large slime creature is moderately wounded.
The large slime creature closely misses you.
You slice the large slime creature!! You bite the large slime creature!
You drain its power.
You feel invigorated.
The large slime creature is heavily wounded.
The large slime creature hits you!! x2
* * * LOW HITPOINT WARNING * * *
You are too injured to fight recklessly!
You are too injured to fight recklessly!
You are too injured to fight recklessly!
You slash the large slime creature! You bite the large slime creature!
You drain its power.
You feel invigorated.
The large slime creature is severely wounded.
The large slime creature hits you!!!
You die...

...............
............###
#######.##### #### #.# ..#
#.# ############.# #[#
#..!.........## #†#
#|..)<......#####.#######.
....#######....J@...........
# #..#.############# #..#.#
#..#.# ..(..# ##..### #..#
...


You could see a large slime creature.

Vanquished Creatures
  2 two-headed ogres
  A centaur warrior (D:9)
  Pikel (D:7)
  A centaur zombie (D:10)
  Maurice (D:8)
  An unseen horror (D:10)
  A troll (D:12)
  Prince Ribbit (D:7)
  Sigmund (D:3)
  Grum (D:8)
  A wraith (D:8)
  Eustachio (D:4)
  15 yaks
  A steam dragon (D:6)
  An acid dragon (D:5)
  2 water moccasins
  Duvessa (D:4)
  An ice beast (D:5)
  An orc warrior (D:7)
  A hornet zombie (D:7)
  2 black bears
  A sky beast (D:7)
  An ogre (D:4)
  4 wolves (D:8)
  3 centaurs
  3 phantoms
  4 lemures (D:7)
  A wyvern zombie (D:5)
  3 bullfrogs (D:8)
  A gnoll sergeant (D:7)
  5 scorpions
  A wyvern skeleton (D:6)
  Dowan (D:4)
  4 killer bees (D:7)
  12 wights
  An electric eel (D:8)
  6 howler monkeys
  3 jellies
  6 orc priests
  Crazy Yiuf (D:4)
  2 gnoll shamans
  2 bullfrog skeletons (D:5)
  7 iguanas
  8 orc wizards
  13 mummies (Ossuary)
  15 gnolls
  A howler monkey skeleton (D:7)
  6 adders
  A shadow imp (D:6)
  2 white imps
  2 ufetubi
  2 worms (D:3)
  6 dart slugs
  24 orcs
  4 bats
  9 endoplasms
  3 giant cockroaches
  10 goblins
  4 hobgoblins
  5 jackals
  5 quokkas
  10 ball pythons
  2 frilled lizards
  2 gnoll skeletons (Ossuary)
  3 goblin skeletons (Ossuary)
  6 kobolds
  A kobold skeleton (Ossuary)
  2 orc skeletons (Ossuary)
  4 rats
  11 rat skeletons (Ossuary)
  A spectral hobgoblin (D:3)
  4 toadstools (D:1)
276 creatures vanquished.

Notes
Turn   | Place    | Note
-------+----------+-------------------------------------------
     0 | D:1      | Armakuni the Vine Stalker Wanderer began the quest for the
                  | Orb.
     0 | D:1      | Armakuni set off with the following items: a +2
                  | quarterstaff, a potion of attraction, a wand of flame (5),
                  | a +0 robe
     0 | D:1      | Reached XP level 1. HP: 11/11 MP: 2/2
    71 | D:1      | Reached XP level 2. HP: 4/15 MP: 0/3
   811 | D:1      | Reached XP level 3. HP: 11/19 MP: 4/4
  1300 | D:2      | Found a glowing silver altar of Zin.
  1661 | D:2      | Found a faded altar of an unknown god.
  2144 | D:3      | Gained mutation: Your natural rate of healing is unusually
                  | fast. [Vine Stalker growth]
  2144 | D:3      | Reached XP level 4. HP: 23/23 MP: 3/5
  2350 | D:3      | Noticed Sigmund
  2491 | D:4      | Noticed Duvessa
  2491 | D:4      | Noticed Dowan
  2552 | D:3      | Killed Sigmund
  2553 | D:3      | Reached skill level 5 in Staves
  2553 | D:3      | Reached XP level 5. HP: 29/29 MP: 6/6
  2553 | D:3      | Reached XP level 6. HP: 33/33 MP: 7/7
  2670 | D:3      | Found a hazy altar of Hepliaklqana.
  3088 | D:4      | Killed Duvessa
  3129 | D:4      | Killed Dowan
  3156 | D:4      | Reached XP level 7. HP: 18/38 MP: 4/8
  3200 | D:4      | Reached skill level 5 in Fighting
  3536 | D:4      | Noticed Eustachio
  3574 | D:4      | Killed Eustachio
  3842 | D:4      | Reached skill level 1 in Long Blades
  3842 | D:4      | Gained mutation: You have razor-sharp teeth. [Vine Stalker
                  | growth]
  3842 | D:4      | Reached XP level 8. HP: 43/44 MP: 9/9
  3974 | D:4      | Found a runed translucent door.
  3975 | D:4      | Noticed Crazy Yiuf
  3980 | D:4      | Killed Crazy Yiuf
  3981 | D:4      | Reached skill level 2 in Long Blades
  3984 | D:4      | Identified the +8 mace of Subjectivity {vamp, rElec}
  4032 | D:5      | Entered Level 5 of the Dungeon
  4157 | D:5      | Identified the +1 ring mail "Wirer" {rPois rC+ MP-9}
  4298 | D:5      | Reached skill level 3 in Long Blades
  4796 | D:5      | Reached skill level 4 in Long Blades
  5019 | D:5      | Reached skill level 5 in Long Blades
  5022 | D:5      | Reached XP level 9. HP: 49/50 MP: 10/10
  5154 | D:5      | Reached skill level 6 in Long Blades
  5556 | D:6      | Found a sand-covered staircase.
  5561 | Ossuary  | Entered an ossuary
  5593 | Ossuary  | Reached skill level 7 in Long Blades
  5741 | Ossuary  | Identified a scroll of acquirement
  5741 | Ossuary  | Acquired the +9 crystal plate armour "Reejai Ivue" {Str+3}
  6393 | D:7      | Noticed Pikel
  6542 | D:7      | Reached XP level 10. HP: 56/57 MP: 11/11
  6692 | D:7      | Found a staircase to the Ecumenical Temple.
  6703 | Temple   | Entered the Ecumenical Temple
  6776 | Temple   | Became a worshipper of the Shining One
  7047 | D:7      | Killed Pikel
  7048 | D:7      | Reached skill level 8 in Long Blades
  7048 | D:7      | Reached skill level 1 in Invocations
  7499 | D:8      | Noticed Maurice
  7561 | D:8      | Noticed Prince Ribbit
  7574 | D:7      | Killed Prince Ribbit
  8039 | D:8      | Killed Maurice
  8040 | D:8      | Reached skill level 10 in Fighting
  8042 | D:8      | Reached skill level 9 in Long Blades
  8198 | D:8      | Noticed Grum
  8212 | D:8      | Killed Grum
  8354 | D:8      | Reached XP level 11. HP: 52/63 MP: 14/14
  8442 | D:9      | Reached * piety under the Shining One
  8706 | D:9      | Found a runed translucent door.
  8707 | D:9      | Noticed a death knight
  8707 | D:9      | Noticed wazuzu's ghost (novice DsMo)
  8963 | D:9      | Noticed a centaur warrior
  8979 | D:9      | Killed a centaur warrior
  8980 | D:9      | Reached skill level 10 in Long Blades
  9230 | D:10     | Entered Level 10 of the Dungeon
  9474 | D:10     | Noticed a two-headed ogre
  9484 | D:10     | Killed a two-headed ogre
  9528 | D:10     | Reached skill level 11 in Long Blades
  9551 | D:10     | Found a staircase to the Orcish Mines.
 10030 | D:11     | Noticed a two-headed ogre
 10030 | D:11     | Reached ** piety under the Shining One
 10088 | D:11     | Noticed a seven-headed hydra
 10289 | D:12     | Noticed a two-headed ogre
 10297 | D:12     | Killed a two-headed ogre
 10298 | D:12     | Reached skill level 12 in Long Blades
 10312 | D:12     | Demolished by a large slime creature

Illustrated notes

Levels and vault maps discovered:
D:1:      ldierk_water_garden, layout_basic
D:2:      layout_basic, hellmonk_ecumenical_altar_crossroads, basic_altar
D:3:      kennysheep_six_static_rooms, layout_basic,
          nicolae_hepliaklqana_monster_ancestors, uniq_sigmund
D:4:      layout_loops_ring, uniq_eustachio, uniq_duvessa,
          uniq_crazy_yiuf_cottage
D:5:      kennysheep_windowed_halls, layout_loops_ring
D:6:      layout_cave_pools, enter_ossuary_2
D:7:      layout_cave_pods, minmay_temple_entry_statues_pillars,
          chequers_serial_rivers_large_a, kennysheep_nondescript,
          serial_park_tiny_2, uniq_pikel
D:8:      layout_loops_cross, minmay_crystal_water, corexii_leaking_fountain,
          uniq_grum, uniq_prince_ribbit1, uniq_maurice
D:9:      layout_long_grid, ebering_ghost_inner_flame, billiards_dpeg
D:10:     layout_loops_ring, orc_0_dummy
D:11:     layout_rooms, minmay_lair_entry_grove
D:12:     layout_loops_ring, nicolae_sif_muna_little_library
Temple:   dpeg_three_leaves_temple

Skill      XL: |  1  2  3  4  5  6  7  8  9 10 11 |
---------------+----------------------------------+-----
Fighting       | 2 4 5 7 8 10 | 10.0
Staves         | 4 5 6 |  6.5
Long Blades    | 1 5 7 9 12 | 12.0
Invocations    | 3 4 |  4.0
Stealth        | |  1.2
Evocations     | |  2.6

Action                   |  1- 3 |  4- 6 |  7- 9 | 10-12 || total
-------------------------+-------+-------+-------+-------++-------
Melee: Quarterstaff      |    79 |    59 |    60 |       ||   198
       Bite              |    16 |    23 |   113 |   102 ||   254
       Short sword       |       |     8 |     5 |       ||    13
       Punch             |       |     1 |     6 |     1 ||     8
       Falchion          |       |       |     8 |   181 ||   189
       Mace              |       |       |   197 |    26 ||   223
       Scimitar          |       |       |    63 |       ||    63
       Lajatang          |       |       |       |    69 ||    69
Invok: Divine Shield     |       |       |       |     2 ||     2
Evoke: Wand              |     4 |     1 |    27 |    10 ||    42
       Tin of tremorston |       |       |     2 |       ||     2
  Use: Scroll            |     4 |     4 |    10 |     5 ||    23
       Potion            |       |     3 |     3 |     1 ||     7
 Stab: Sleeping          |     1 |     2 |     5 |       ||     8
       Paralysed         |       |       |     4 |       ||     4
       Distracted        |       |       |       |     1 ||     1
Armor: Robe              |     7 |       |    64 |    12 ||    83
       Leather armour    |     7 |       |       |       ||     7
       Ring mail         |       |    23 |    35 |    79 ||   137
       Troll leather arm |       |       |       |     1 ||     1
Dodge: Dodged            |    30 |    27 |   183 |   123 ||   363
Block: Other             |       |       |       |     7 ||     7

Table legend: (Time is in decaauts)
 A = Elapsed time spent in this place.
 B = Non-inter-level travel time spent in this place.
 C = Inter-level travel time spent in this place.
 D = Time resting spent in this place.
 E = Time spent auto-exploring this place.
 F = Levels seen in this place.
 G = Mean time per level.
                   A        B        C        D        E       F      G
               +--------+--------+--------+--------+--------+-----+--------+
         Total |  10381 |   9993 |    388 |   1035 |   6388 |  14 |  741.5 |
       Dungeon |   9871 |   9483 |    388 |   1035 |   6086 |  12 |  822.6 |
        Temple |     81 |     81 |      0 |      0 |     55 |   1 |   81.0 |
       Ossuary |    427 |    427 |      0 |      0 |    247 |   1 |  427.0 |
               +--------+--------+--------+--------+--------+-----+--------+

Top non-repeatable levels by time:
     D:5: 1259 daAuts
     D:7: 1198 daAuts
     D:1: 1169 daAuts
     D:3: 1167 daAuts
     D:4: 980 daAuts
    D:10: 911 daAuts
     D:9: 862 daAuts
     D:8: 801 daAuts
     D:2: 728 daAuts
     D:6: 616 daAuts
 Ossuary: 427 daAuts
    D:12: 168 daAuts
  Temple: 81 daAuts
    D:11: 7 daAuts
